 Dungeon Crawl Stone Soup version 0.28-a0-938-gbc3f381ebc (webtiles) character file.

Game seed: 15349773671872073950

15 pokeman the Magician (level 2, -4/16 HPs)
             Began as a Deep Elf Hedge Wizard on Nov 28, 2021.
             Engulfed by a cloud of steam (11 damage)
             ... on level 1 of the Dungeon.
             The game lasted 00:01:24 (1128 turns).

pokeman the Magician (Deep Elf Hedge Wizard)        Turns: 1128, Time: 00:01:24

Health: -4/16      AC:  3    Str:  7    XL:     2   Next: 34%
Magic:  9/9        EV: 11    Int: 18    God:
Gold:   34         SH:  0    Dex: 14    Spells: 9/10 levels left

rFire   . . .      SeeInvis .   i - staff of death
rCold   . . .      Faith    .   (no shield)
rNeg    + . .      Spirit   .   f - +0 leather armour
rPois   .          Reflect  .   c - +0 hat
rElec   .          Harm     .   (no cloak)
rCorr   .          Rampage  .   (no gloves)
Will    +....                   (no boots)
Stlth   ++........              (no amulet)
HPRegen 0.05/turn               d - ring of willpower
MPRegen 0.11/turn               e - ring of flight

@: flying
A: no striking features
a: no special abilities


You were on level 1 of the Dungeon.
You visited 1 branch of the dungeon, and saw 1 of its levels.

You collected 34 gold pieces.

Inventory:

Missiles
 h - 12 bolts
Armour
 c - a +0 hat (worn)
 f - a +0 leather armour (worn)
Magical Staves
 i - a staff of death (weapon)
Jewellery
 d - a ring of willpower (left hand)
 e - a ring of flight (right hand)
Scrolls
 a - a scroll of teleportation {unknown}
 b - a scroll of fog {unknown}
 k - a scroll of acquirement {unknown}
Potions
 g - a potion of heal wounds {unknown}
 j - 2 potions of haste {unknown}
 l - a potion of cancellation {unknown}
 m - a potion of might {unknown}


   Skills:
 + Level 0.4 Fighting
 + Level 0.4 Armour
 - Level 2.4 Dodging
 - Level 2.4 Stealth
 * Level 4.8 Spellcasting
 + Level 1.5 Conjurations
 - Level 1.1 Summonings
 - Level 1.1 Translocations


You had 9 spell levels left.
You knew the following spells:

 Your Spells              Type           Power      Damage    Failure   Level
a - Magic Dart            Conj           36%        1d4       11%         1

Your spell library contained the following spells:

 Spells                   Type           Power      Damage    Failure   Level
 Blink                    Tloc           16%        N/A       19%         2
 Call Imp                 Summ           8%         N/A       19%         2
 Slow                     Hex            16%        N/A       21%         1
 Conjure Flame            Conj/Fire      7%         6-21      41%         3
 Mephitic Cloud           Conj/Pois/Air  6%         N/A       43%         3


Dungeon Overview and Level Annotations

Branches:
Dungeon (1/15)

Altars:


Message History

The magic dart hits the bat.
You kill the bat!
Casting: Magic Dart (safe; 11% risk of failure)
Confirm with . or Enter, or press ? or * to list all spells.
You can't see any susceptible monsters within range! (Use Z to cast anyway.) Unknown command.
Found a gnoll skeleton.
There is an open door here.
You see here a bat corpse.
m - a fuming white potion As you open the door, it creaks loudly!
Found a faded altar of an unknown god.
There is an open door here.
You see here a bat corpse.
You see here a hobgoblin skeleton.
You see here a hobgoblin skeleton.
There is an open door here.
You reach down and open the door.
There is an open door here.
There is an open door here.
There is an open door here.
There is an open door here.
You see here a bat corpse.
There is an open door here.
There is an open door here.
There is an open door here.
You see here a bat corpse.
Partly explored, can't reach some places.
Partly explored, can't reach some places.
Really fly into a travel-excluded area?
Really fly into a travel-excluded area? [Y]es or [N]o only, please.
Really fly into a travel-excluded area?
Okay, then.
Done exploring.
You are engulfed in a cloud of scalding steam.
You are engulfed in a cloud of scalding steam.
You are engulfed in a cloud of scalding steam.
Ouch! That really hurt!
You die...

#........# #.#
####.....# #.#
#..#### #.#
#...#######.# ###
#≈...#....#.# ###§#
###≈≈....##.#.#
#§§§###≈≈≈≈.##.#..#.#
#§§§§##≈#≈≈.##.####.#
##§§#@§##≈..##......#
#§######...#########
### #..## #..# ####


There were no monsters in sight!

Vanquished Creatures
  A dart slug (D:1)
  A ball python (D:1)
  An endoplasm (D:1)
  2 hobgoblins (D:1)
  2 kobolds (D:1)
  A quokka (D:1)
  2 bats (D:1)
  2 rats (D:1)
12 creatures vanquished.

Notes
Turn   | Place    | Note
-------+----------+-------------------------------------------
     0 | D:1      | pokeman the Deep Elf Hedge Wizard began the quest for the
                  | Orb.
     0 | D:1      | Reached XP level 1. HP: 10/10 MP: 7/7
   365 | D:1      | Reached XP level 2. HP: 16/16 MP: 4/9
   983 | D:1      | Found a faded altar of an unknown god.
  1128 | D:1      | Engulfed by a cloud of steam

Illustrated notes

Levels and vault maps discovered:
D:1:      wander_arrival_chamber, layout_basic,
          dilly_ecumenical_altar_fadedgnrine, lemuel_another_geyser

Action                   || total
-------------------------++-------
 Cast: Magic Dart        ||    30
Armor: Leather armour    ||     2
       Robe              ||     1
Dodge: Dodged            ||     4

Table legend: (Time is in decaauts)
 A = Elapsed time spent in this place.
 B = Non-inter-level travel time spent in this place.
 C = Inter-level travel time spent in this place.
 D = Time resting spent in this place.
 E = Time spent auto-exploring this place.
 F = Levels seen in this place.
 G = Mean time per level.
                   A        B        C        D        E       F      G
               +--------+--------+--------+--------+--------+-----+--------+
         Total |   1126 |   1126 |      0 |      0 |   1024 |   1 | 1126.0 |
       Dungeon |   1126 |   1126 |      0 |      0 |   1024 |   1 | 1126.0 |
               +--------+--------+--------+--------+--------+-----+--------+

Top non-repeatable levels by time:
     D:1: 1126 daAuts
